Map: Frost LE

Players

Kabibi - Winner!

  • Race: Terran Terran
  • Spawn Location: 7:00

Fropez

  • Race: Protoss Protoss
  • League: Gold
  • Spawn Location: 5:00

VOD

Have the link to the VOD?

Description

Time

  • Played on: Oct. 18, 2016, 7:12 p.m.
  • Length: 23:35
Show
View Real Time Build Order
Export as new Build Order

Kabibi Terran - Winner!

Build Orders: MMM Bio 

Get SALT Encoding   

  12  0:02  SCV  
  13  0:14  SCV  
  14  0:18  Supply Depot  
  14  0:26  SCV  
  15  0:40  SCV  
  15  0:42  Barracks  
  16  0:44  Refinery  
  16  0:52  SCV  
  17  1:04  SCV  
  18  1:16  SCV  
  19  1:28  SCV  
  19  1:29  Reaper  
  19  1:30  Supply Depot  
  21  1:46  Command Center  
  21  1:56  Orbital Command  
  21  2:08  Barracks  
  21  2:10  Barracks Reactor  
  20  3:03  SCV  
  20  3:04  Marine x2  
  23  3:11  Barracks Tech Lab  
  23  3:15  SCV  
  24  3:22  Marine x2  
  26  3:27  SCV  
  27  3:37  Factory  
  27  3:39  SCV  
  27  3:40  Marine x2  
  30  3:51  SCV  
  30  3:58  Marine x2  
  32  4:03  Marine, SCV  
  34  4:10  Stimpack  
  34  4:15  Marine, SCV  
  34  4:16  Marine  
  37  4:18  Refinery  
  37  4:19  SCV  
  38  4:27  SCV  
  37  4:33  Marine x2  
  38  4:44  Supply Depot  
  35  4:51  Marine x2  
  37  4:54  Factory Tech Lab  
  37  4:58  Starport  
  36  5:09  Marine x2  
  38  5:20  SCV  
  39  5:26  Orbital Command  
  39  5:27  Marine x2  
  41  5:32  SCV  
  42  5:38  Siege Tank  
  45  5:44  Marine, SCV  
  45  5:45  Marine  
  45  5:47  Engineering Bay  
  48  5:53  Starport Reactor  
  48  6:00  SCV x2  
  48  6:02  Marine  
  51  6:12  SCV x2  
  53  6:19  Missile Turret  
  53  6:24  SCV  
  54  6:30  SCV  
  55  6:33  Supply Depot  
  55  6:36  SCV  
  56  6:40  Medivac x2  
  56  6:41  Missile Turret  
  56  6:42  SCV  
  61  6:48  SCV  
  62  6:54  SCV  
  62  6:55  Supply Depot  
  62  7:00  SCV  
  64  7:06  SCV  
  65  7:10  Medivac  
  65  7:12  SCV  
  65  7:15  Marine x2  
  69  7:18  SCV, Supply Depot  
  69  7:20  Combat Shields, Missile Turret  
  70  7:24  SCV  
  70  7:28  Liberator  
  70  7:29  Marauder  
  73  7:31  SCV  
  73  7:33  Marine x2  
  73  7:36  SCV  
  77  7:39  Barracks  
  77  7:40  Supply Depot  
  77  7:41  Missile Turret  
  77  7:43  SCV  
  78  7:48  SCV  
  78  7:51  Marine x2, Marauder  
  86  8:02  SCV x2  
  86  8:03  Supply Depot  
  88  8:08  Marine  
  88  8:09  Marine  
  88  8:12  Marauder  
  92  8:14  SCV x2  
  94  8:26  Marine x2  
  93  8:29  Barracks  
  93  8:30  Liberator x2  
  88  8:40  Marine  
  82  8:44  Marine x2  
  82  8:46  Marauder  
  86  8:58  Marine  
  86  9:02  Marine x2  
  89  9:07  Marauder  
  81  9:19  Barracks Reactor  
  81  9:20  Marine x2  
  82  9:26  Barracks Reactor  
  82  9:28  Marauder  
  84  9:37  Marine  
  84  9:38  Marine  
  86  9:50  Marauder  
  88  9:55  Marine x2  
  88  9:58  Refinery  
  90  10:01  Terran Infantry Weapons Level 1  
  89  10:11  Marauder, Medivac  
  89  10:13  Marine x2  
  94  10:22  Refinery  
  94  10:23  Liberator  
  88  10:31  Marine x2  
  88  10:32  Marauder  
  92  10:42  Marine x4  
  96  10:49  Marine x2  
  101  10:54  Marauder  
  90  11:00  Marine x4  
  84  11:07  Marine x2  
  79  11:17  Marine  
  79  11:18  Marine x3  
  73  11:24  Marine  
  73  11:25  Marine  
  68  11:27  Medivac x2  
  72  11:35  Marine  
  72  11:36  Marine x3  
  75  11:42  Marine x2  
  77  11:50  Command Center  
  77  11:53  Marine  
  77  11:54  Marine x3  
  78  11:55  Terran Infantry Armor Level 1  
  78  11:57  Medivac  
  78  12:00  Marine x2  
  85  12:11  Marine x4  
  85  12:12  Medivac  
  85  12:14  Command Center  
  90  12:18  Marine x2  
  91  12:27  Medivac  
  91  12:29  Marine x4  
  95  12:36  Marine x2  
  94  12:42  Medivac  
  96  12:47  Marine x4  
  100  12:52  Command Center  
  100  12:53  Marine  
  100  12:54  Marine  
  102  13:01  Medivac  
  102  13:04  Marine, Supply Depot  
  102  13:05  Marine x3  
  108  13:10  Barracks  
  108  13:11  Marine x2, Medivac  
  112  13:20  Orbital Command  
  112  13:22  Marine  
  112  13:23  Marine x3, Refinery  
  112  13:24  Liberator  
  116  13:29  Marine x2, Supply Depot  
  116  13:31  Medivac  
  120  13:40  Marine x3  
  120  13:41  Marine  
  117  13:47  Marine x2  
  114  13:51  Supply Depot  
  113  13:58  Marine x4  
  113  14:05  Marine x2, SCV x2  
  113  14:06  SCV x2  
  119  14:15  Supply Depot  
  119  14:16  Marine x4  
  123  14:17  SCV  
  123  14:18  SCV x2  
  123  14:22  Marine  
  123  14:23  Marine  
  129  14:25  Orbital Command, Missile Turret  
  128  14:32  Medivac x2  
  128  14:34  Marine x2  
  134  14:39  Supply Depot  
  134  14:49  Marine x3  
  134  14:50  Marine  
  134  14:51  Marine  
  134  14:52  Marine  
  138  15:03  Supply Depot  
  138  15:07  Marine x4  
  133  15:09  Marine  
  133  15:10  Marine  
  132  15:23  Marauder  
  132  15:24  Marine  
  132  15:25  Marine x3  
  132  15:27  Marine x2  
  139  15:42  Marine x2  
  135  15:43  Marine x2  
  135  15:44  Marauder  
  135  15:45  Marine x2  
  134  16:00  Marine x3  
  134  16:01  Marine  
  134  16:03  Marine x2  
  134  16:05  Marauder  
  130  16:18  Marine x3  
  120  16:19  Marine  
  120  16:20  Marine  
  120  16:21  Marine  
  121  16:27  Marauder  
  121  16:36  Marine x3, SCV  
  121  16:37  Marine, SCV x3  
  121  16:38  Marine  
  121  16:39  Marine  
  131  16:48  Marauder  
  131  16:49  SCV x4  
  131  16:54  Marine x4  
  132  16:56  Marine x2  
  132  17:01  SCV  
  117  17:02  Medivac x2  
  112  17:09  SCV  
  112  17:10  SCV x2  
  112  17:11  Marine x2  
  112  17:12  Marine x2  
  112  17:13  SCV  
  112  17:14  Marine x2  
  122  17:21  SCV  
  122  17:22  SCV x2  
  125  17:25  SCV  
  125  17:29  Marine x3  
  128  17:30  Marine  
  128  17:32  Marine x2, Medivac x2  
  128  17:34  SCV x3  
  139  17:37  SCV  
  139  17:40  Armory  
  139  17:41  Refinery  
  140  17:46  SCV x2  
  140  17:47  Marine x3  
  140  17:48  Marine  
  140  17:49  Marine  
  140  17:50  Marine  
  148  17:51  Barracks Reactor  
  148  17:53  Barracks  
  148  18:02  Medivac x2  
  148  18:05  Marine x3  
  154  18:06  Marine  
  154  18:07  Marine  
  154  18:08  Marine  
  149  18:15  Supply Depot  
  142  18:23  Marine x4  
  142  18:25  Marine  
  142  18:26  Marine  
  146  18:27  Missile Turret  
  146  18:28  Marine  
  146  18:29  Marine, Orbital Command  
  147  18:40  Marine  
  147  18:41  Marine x3  
  149  18:43  Marine x2  
  149  18:46  Marine  
  149  18:47  Marine  
  155  18:54  Siege Tank  
  158  18:58  Marine x2  
  158  18:59  Marine x2  
  158  19:01  Marine  
  163  19:04  Supply Depot  
  163  19:26  Siege Tank  
  166  19:32  Missile Turret  
  166  19:34  Missile Turret  
  163  19:57  Marine x7  
  163  19:58  Marine x2  
  163  19:59  Siege Tank  
  169  20:09  Orbital Command  
  159  20:31  Marine  
  157  20:38  Supply Depot  
  157  20:46  Supply Depot  
  157  21:00  Marine x5, Siege Tank, Command Center  
  157  21:02  Supply Depot  
  165  21:07  Marine x4  
  165  21:09  Supply Depot  
  169  21:14  Supply Depot  
  169  21:18  Marine x3  
  172  21:25  Supply Depot  
  171  21:33  Supply Depot  
  171  21:35  Siege Tank, Marine  
  173  21:49  Supply Depot  
  148  22:05  Marine x5  
  134  22:51  Orbital Command  
Show
View Real Time Build Order
Export as new Build Order

Fropez Protoss 

Build Orders: 1 Gate Expand 

Get SALT Encoding   

  12  0:01  Probe (Chrono Boost)  
  13  0:16  Pylon  
  13  0:20  Probe (Chrono Boost)  
  14  0:30  Probe (Chrono Boost)  
  15  0:36  Gateway  
  15  0:41  Probe (Chrono Boost)  
  16  0:49  Assimilator  
  16  0:52  Probe (Chrono Boost)  
  17  1:02  Probe (Chrono Boost)  
  18  1:06  Gateway  
  18  1:13  Probe (Chrono Boost)  
  19  1:23  Probe (Chrono Boost)  
  20  1:37  Nexus  
  20  1:42  Probe (Chrono Boost)  
  21  1:53  Probe (Chrono Boost)  
  22  2:04  Cybernetics Core  
  22  2:07  Pylon  
  23  2:12  Probe (Chrono Boost), Assimilator  
  23  2:22  Pylon  
  23  2:25  Probe (Chrono Boost)  
  24  2:41  Mothership Core (Chrono Boost)  
  22  2:56  Probe (Chrono Boost)  
  23  3:02  Probe (Chrono Boost)  
  23  3:04  Adept x2  
  27  3:14  Probe (Chrono Boost)  
  27  3:19  Probe (Chrono Boost)  
  29  3:22  Warp Gate  
  29  3:34  Probe (Chrono Boost)  
  29  3:38  Twilight Council, Gateway  
  29  3:39  Probe (Chrono Boost)  
  30  3:44  Pylon  
  30  3:45  Probe (Chrono Boost)  
  30  3:48  Adept  
  33  3:53  Probe (Chrono Boost)  
  33  3:58  Probe (Chrono Boost)  
  34  4:08  Probe (Chrono Boost)  
  35  4:10  Gateway  
  35  4:41  Probe (Chrono Boost)  
  35  4:42  Probe (Chrono Boost)  
  37  4:52  Probe x2 (Chrono Boost)  
  35  4:54  Resonating Glaives (Chrono Boost)  
  35  5:04  Gateway  
  35  5:06  Pylon, Probe x2 (Chrono Boost)  
  37  5:11  Pylon  
  35  5:17  Probe (Chrono Boost), Mothership Core (Chrono Boost)  
  35  5:21  Pylon  
  38  5:23  Pylon  
  38  5:26  Probe (Chrono Boost)  
  39  5:36  Probe  
  39  5:37  Probe  
  39  5:40  Forge  
  41  5:43  Pylon  
  41  5:46  Assimilator  
  41  5:47  Probe  
  41  5:48  Assimilator  
  42  5:51  Stalker x2  
  42  5:54  Pylon  
  46  6:07  Probe  
  47  6:13  Robotics Facility  
  47  6:16  Pylon, Blink (Chrono Boost)  
  47  6:17  Stalker x3  
  53  6:20  Protoss Ground Weapons Level 1 (Chrono Boost)  
  53  6:42  Probe  
  53  6:43  Probe  
  53  6:46  Stalker  
  53  6:47  Stalker  
  59  6:54  Probe  
  60  6:59  Probe  
  61  7:04  Observer  
  61  7:08  Probe  
  63  7:12  Pylon  
  63  7:17  Probe  
  62  7:25  Warp Prism  
  62  7:29  Adept x4  
  72  7:30  Adept  
  72  7:31  Probe  
  72  7:32  Probe  
  74  7:38  Pylon  
  75  7:51  Photon Cannon  
  76  7:55  Stalker x2  
  76  7:56  Stalker  
  76  7:57  Stalker x2  
  71  8:36  Adept x3  
  71  8:37  Adept x2  
  69  8:45  Pylon  
  63  8:58  Stalker x4  
  71  9:14  Stalker  
  73  9:28  Probe  
  74  9:39  Nexus  
  74  9:41  Assimilator  
  74  9:45  Assimilator  
  74  9:48  Pylon  
  74  9:49  Pylon  
  74  9:52  Stalker x3  
  76  9:53  Stalker x2  
  74  10:39  Stalker x2  
  74  10:40  Stalker x3  
  84  10:45  Probe x2  
  73  11:07  Stalker  
  73  11:08  Stalker x2  
  72  11:24  Stalker x2  
  72  11:25  Probe  
  76  11:26  Probe x2  
  79  11:37  Adept x3  
  83  11:55  Stalker  
  83  12:00  Gateway  
  85  12:03  Pylon  
  85  12:06  Pylon  
  85  12:08  Pylon  
  85  12:10  Pylon  
  85  12:12  Photon Cannon x2  
  85  12:15  Probe  
  86  12:17  Adept x4  
  94  12:23  Nexus  
  94  12:24  Protoss Ground Weapons Level 2 (Chrono Boost)  
  94  12:26  Assimilator  
  88  12:30  Probe x2, Assimilator  
  88  12:31  Forge  
  88  12:36  Pylon  
  82  12:37  Pylon  
  82  12:43  Pylon  
  82  12:48  Observer (Chrono Boost)  
  83  12:58  Gateway  
  83  13:02  Gateway  
  83  13:03  Pylon  
  83  13:05  Photon Cannon  
  83  13:07  Probe, Immortal (Chrono Boost)  
  83  13:08  Probe  
  89  13:14  Photon Cannon, Protoss Ground Armor Level 1 (Chrono Boost)  
  89  13:23  Gateway  
  89  13:27  Photon Cannon  
  89  13:31  Adept x6  
  101  13:50  Probe x2  
  101  13:51  Probe x2  
  93  14:04  Dark Shrine  
  93  14:06  Probe x2  
  93  14:07  Probe x2, Gateway  
  95  14:10  Gateway  
  95  14:11  Adept  
  95  14:14  Photon Cannon  
  95  14:16  Pylon  
  97  14:42  Protoss Ground Weapons Level 3 (Chrono Boost)  
  97  14:45  Stalker x5  
  107  14:46  Probe x2  
  109  14:55  Protoss Shields Level 1 (Chrono Boost)  
  107  15:06  Adept x3  
  96  15:15  Adept x4  
  96  15:16  Adept  
  105  15:24  Nexus  
  106  15:33  Adept x2  
  99  15:54  Adept x4  
  99  15:55  Adept  
  102  16:20  Adept x5  
  102  16:21  Adept x2  
  73  17:06  Stalker x4  
  73  17:07  Stalker  
  71  17:10  Dark Templar  
  71  17:15  Gateway  
  67  17:24  Nexus  
  67  17:27  Assimilator  
  63  17:31  Assimilator  
  63  17:32  Probe  
  63  17:34  Pylon  
  63  17:35  Pylon, Probe  
  65  17:41  Assimilator  
  65  17:42  Dark Templar x4  
  65  17:43  Dark Templar  
  65  17:44  Assimilator  
  75  17:45  Pylon  
  75  18:08  Nexus, Probe x2  
  75  18:09  Pylon  
  75  18:10  Probe  
  58  18:43  Dark Templar  
  58  18:52  Gateway  
  58  18:54  Gateway  
  58  18:56  Gateway  
  58  18:57  Probe  
  58  18:58  Probe  
  58  18:59  Probe  
  61  19:04  Zealot  
  61  19:05  Zealot x6  
  60  19:35  Dark Templar x6  
  66  20:18  Dark Templar x3  
  63  20:29  Probe  
  63  20:30  Probe x3  
  65  20:44  Gateway x2  
  65  20:47  Gateway  
  65  20:48  Pylon  
  65  20:49  Forge  
  65  20:50  Pylon  
  65  20:53  Forge  
  65  20:55  Probe x2  
  67  20:57  Cybernetics Core  
  67  21:01  Dark Templar x2  
  67  21:02  Assimilator, Dark Templar x4  
  79  21:04  Assimilator  
  79  21:08  Pylon  
  60  22:38  Gateway  
  60  22:39  Gateway  
  60  22:42  Nexus  
  60  22:48  Pylon  
  60  22:53  Probe  
  60  22:54  Pylon, Probe x2  
  60  22:56  Pylon  
  60  22:57  Nexus  
  63  23:02  Pylon  
  63  23:04  Pylon  
  63  23:07  Twilight Council, Nexus  
  63  23:10  Pylon  
  63  23:12  Robotics Facility  
  63  23:14  Pylon  
  63  23:15  Pylon  
  63  23:17  Pylon x2  
Tags
 
Composition
MMM Bio
League
Gold
Matchup
PvT
Replay Pack
All Mines
Spawn Locations
Close Positions
Add a new tag
Caveats
  • Supply blocks, unpowered buildings, or Contaminate may cause inaccurate times.
  • Supply counts are checked every 10 seconds.